 Dungeon Crawl Stone Soup version 0.27.1 (webtiles) character file.

Game seed: 4661884537367821743

11375 ZARRMARR the Thaumaturge (level 11, -6/47 HPs)
             Began as a Spriggan Conjurer on Sept 2, 2021.
             Was a Priest of Sif Muna.
             Mangled by an ice devil (17 damage)
             ... in a Gauntlet.
             The game lasted 01:23:29 (15247 turns).

ZARRMARR the Thaumaturge (Spriggan Conjurer)       Turns: 15247, Time: 01:23:30

Health: -6/47      AC:  7    Str:  3    XL:     11   Next: 48%
Magic:  12/29      EV: 23    Int: 23    God:    Sif Muna [***...]
Gold:   232        SH:  0    Dex: 20    Spells: 30/36 levels left

rFire    . . .     SeeInvis +   (weapon restricted)
rCold    . . .     Faith    .   (shield restricted)
rNeg     + . .     Spirit   .   F - +0 steam dragon scales
rPois    .         Reflect  .   j - +2 hat
rElec    .         Harm     .   (no cloak)
rCorr    .         Rampage  .   (gloves unavailable)
Will     +....     NoTele   +   (boots unavailable)
Stlth    +++++.....             c - amulet of magic regeneration
HPRegen  0.15/turn              l - +6 ring of dexterity
MPRegen  0.46/turn              u - ring of positive energy

@: very quick
A: very small, no large weapons, unfitting armour, see invisible, speed 3
a: Renounce Religion, Channel Magic, Forget Spell


You were in a Gauntlet.
You worshipped Sif Muna.
Sif Muna was most pleased with you.
You visited 2 branches of the dungeon, and saw 12 of its levels.
You also visited: Sewer and Gauntlet.

You collected 434 gold pieces.
You spent 202 gold pieces at shops.

Inventory:

Missiles
 f - 180 arrows
 h - 15 sling bullets
Armour
 j - a +2 hat (worn)
 F - +0 steam dragon scales (worn)
Jewellery
 c - an amulet of magic regeneration (around neck)
 l - a +6 ring of dexterity (left hand)
 u - a ring of positive energy (right hand)
Wands
 w - a wand of iceblast (6)
 I - a wand of paralysis (6)
 K - a wand of digging (4)
Scrolls
 d - 2 scrolls of immolation
 e - 5 scrolls of fear
 g - 2 scrolls of summoning
 k - 2 scrolls of teleportation
 m - a scroll of blinking
 n - 5 scrolls of amnesia
 o - 3 scrolls of magic mapping
 q - 3 scrolls of fog
 s - a scroll of torment
 v - a scroll of holy word {unknown}
 x - a scroll of vulnerability
 y - 4 scrolls of enchant weapon
 C - a scroll of noise {unknown}
Potions
 a - a potion of magic {unknown}
 b - 3 potions of might {unknown}
 i - 4 potions of haste {unknown}
 p - 8 potions of heal wounds {unknown}
 r - 2 potions of experience {unknown}
 t - 4 potions of attraction {unknown}
 z - 6 potions of curing {unknown}
 A - 2 potions of invisibility {unknown}
 B - a potion of brilliance {unknown}
 D - 4 potions of ambrosia {unknown}
 E - 2 potions of degeneration {unknown}
 G - a potion of mutation {unknown}
 J - 3 potions of lignification {unknown}
Miscellaneous
 H - a box of beasts


   Skills:
 * Level 8.1 Dodging
 * Level 9.6 Stealth
 * Level 13.4 Spellcasting
 * Level 9.3 Conjurations
 * Level 2.6 Hexes
 * Level 2.0 Evocations


You had 30 spell levels left.
You knew the following spells:

 Your Spells              Type           Power      Damage    Failure   Level
a - Magic Dart            Conj           100%       1d8       1%          1
b - Searing Ray           Conj           100%       3d7       1%          2
c - Dazzling Flash        Conj/Hex       86%        N/A       1%          3

Your spell library contained the following spells:

 Spells                   Type           Power      Damage    Failure   Level
 Corona                   Hex            30%        N/A       1%          1
 Shock                    Conj/Air       100%       1d9       1%          1
 Conjure Flame            Conj/Fire      37%        6-21      1%          3
 Iskenderun's Battlesphe  Conj           55%        2d11      2%          5
 Ensorcelled Hibernation  Hex/Ice        42%        N/A       3%          2
 Fulminant Prism          Conj/Hex       21%        3d13      3%          4
 Sandblast                Erth           30%        2d9       4%          1
 Tukima's Dance           Hex            27%        N/A       4%          3
 Blink                    Tloc           N/A        N/A       6%          2
 Passwall                 Tmut/Erth      12%        N/A       6%          2
 Iskenderun's Mystic Bla  Conj/Tloc      37%        2d9       6%          4
 Sticky Flame             Conj/Fire      37%        2d6       6%          4
 Inner Flame              Hex/Fire       21%        N/A       7%          3
 Ignite Poison            Fire/Tmut/Pois 15%        N/A       12%         3
 Lesser Beckoning         Tloc           7%         N/A       12%         3
 Swiftness                Air            15%        N/A       12%         3
 Fireball                 Conj/Fire      18%        3d9       16%         5
 Airstrike                Air            7%         N/A       36%         4
 Orb of Destruction       Conj           27%        9d11      58%         7
 Conjure Ball Lightning   Conj/Air       18%        3x3d6     65%         6
 Lee's Rapid Deconstruct  Erth           7%         3d8*      73%         5
 Manifold Assault         Tloc           15%        N/A       73%         5
 Fire Storm               Conj/Fire      18%        8d5       100%        9


Dungeon Overview and Level Annotations

Branches:
Dungeon (11/15)            Temple (1/1) D:7            Lair (0/6) D:9
  Sewer (visited)         Gauntlet (1/1)
    Orc: D:9-12

Altars:
Ashenzari
Cheibriados
Dithmenos
Elyvilon
Fedhas
Gozag
Hepliaklqana
Kikubaaqudgha
Makhleb
Nemelex Xobeh
Okawaru
Qazlal
Ru
Sif Muna
Trog
Uskayaw
Vehumet
Wu Jian
Xom
Yredelemnul
Zin
The Shining One

Shops:
D:4 *   D:5 [[*   D:8 ?

Annotations:
D:7 VictoriousLee's ghost, novice TeAE
D:9 2 transporters, Golfball's ghost, novice TrMo Gauntlet 15 transporters


Innate Abilities, Weirdness & Mutations

You are very small and have problems with some larger weapons.
You are too small for most types of armour.
You have supernaturally acute eyesight. (SInv)
You cover ground extremely quickly. (Speed+++)


Message History

(Press . to maintain the ray.) Unknown command.
Casting: Searing Ray (safe; 1% risk of failure)
Confirm with . or Enter, or press ? or * to list all spells.
Restarting spell: Searing Ray (safe; 1% risk of failure)
Press: ? - help, Shift-Dir - straight line, f/p - ice devil
Aim: an ice devil (moderately wounded, 83% to hit)
The searing ray hits the ice devil!
The ice devil is heavily wounded. (Press . to maintain the ray.)
The ice devil misses you.
Casting: Searing Ray (safe; 1% risk of failure)
Confirm with . or Enter, or press ? or * to list all spells.
Restarting spell: Searing Ray (safe; 1% risk of failure)
Press: ? - help, Shift-Dir - straight line, f/p - ice devil
Aim: an ice devil (heavily wounded, 83% to hit)
The searing ray hits the ice devil.
The ice devil is severely wounded. (Press . to maintain the ray.)
The ice devil hits you. The ice devil freezes you!!
Casting: Searing Ray (safe; 1% risk of failure)
Confirm with . or Enter, or press ? or * to list all spells.
Restarting spell: Searing Ray (safe; 1% risk of failure)
Press: ? - help, Shift-Dir - straight line, f/p - ice devil
Aim: an ice devil (severely wounded, 83% to hit)
The searing ray misses the ice devil. (Press . to maintain the ray.)
The ice devil hits you but does no damage.
Unknown command.
Casting: Searing Ray (safe; 1% risk of failure)
Confirm with . or Enter, or press ? or * to list all spells.
Restarting spell: Searing Ray (safe; 1% risk of failure)
Press: ? - help, Shift-Dir - straight line, f/p - ice devil
Aim: an ice devil (severely wounded, 83% to hit)
The searing ray misses the ice devil. (Press . to maintain the ray.)
The ice devil hits you.
* * * LOW HITPOINT WARNING * * *
The ice devil freezes you!
You die...

#######################.#########
.....©.........©#≈≈8≈≈#.#........
#######################.#........
#....©....#.#54.......#.#..######
#.#.#...#.#.#..##.##..#.#..#8# #8
#.#...#.#.#.#.#..#..#.#.#..### ##
#...###...#.#.#..#..#=#.#..#
#.###©†.#.#.#..#####.©#©#..###
#.#.†.###.#.#.#4@#..#$###..#8#
#...###...#.#.#..#..#.#....###
#.###...#.#.#..##.##..#....#
#.........#.#.......4.#..###
###########.###########..#8#
.....©...................###
........................≈#
####.∩.################### #
#.§§# #8# #8# #8# #8#


You could see an ice devil.

Vanquished Creatures
  A rakshasa (D:10)
  2 hydras
  A two-headed ogre (D:10)
  A manticore (D:10)
  An elephant (D:9)
  A moth of wrath (Gauntlet)
  Maggie (D:9)
  2 trolls
  2 wyverns
  A wraith (D:10)
  11 yaks
  Grum (D:9)
  A basilisk (D:9)
  A steam dragon (D:7)
  Menkaure (D:7)
  2 ice beasts
  A sky beast (D:7)
  3 orc warriors
  A black bear (D:9)
  A necrophage (D:5)
  7 wolves
  4 ogres
  A centaur (D:6)
  2 phantoms
  A kobold brigand (D:8)
  A gnoll sergeant (D:9)
  2 bullfrogs (D:8)
  7 killer bees
  17 wights
  6 howler monkeys
  2 electric eels (D:9)
  2 jellies
  2 centaur zombies
  A bullfrog zombie (D:7)
  4 hounds
  5 orc priests
  A gnoll shaman (D:2)
  4 iguanas
  5 orc wizards
  A scorpion zombie (D:5)
  A killer bee zombie (D:8)
  Robin (D:2)
  A howler monkey zombie (D:8)
  9 gnolls
  6 adders
  A river rat (Sewer)
  A shadow imp (D:8)
  5 white imps
  An ufetubus (D:6)
  4 worms
  3 dart slugs
  25 orcs
  6 ball pythons
  4 endoplasms
  3 giant cockroaches
  11 hobgoblins
  6 jackals
  7 quokkas
  3 bats (D:2)
  11 frilled lizards
  11 goblins
  8 kobolds
  4 rats
243 creatures vanquished.

Vanquished Creatures (others)
  35 plants
35 creatures vanquished.

Grand Total: 278 creatures vanquished

Notes
Turn   | Place    | Note
-------+----------+-------------------------------------------
     0 | D:1      | ZARRMARR the Spriggan Conjurer began the quest for the Orb.
     0 | D:1      | Reached XP level 1. HP: 9/9 MP: 5/5
   298 | D:1      | Found a faded altar of an unknown god.
   514 | D:1      | Reached XP level 2. HP: 13/13 MP: 4/6
   791 | D:1      | Learned a level 2 spell: Searing Ray
   926 | D:2      | Reached XP level 3. HP: 16/16 MP: 5/8
  1327 | D:2      | Reached skill level 3 in Spellcasting
  1327 | D:2      | Reached XP level 4. HP: 21/21 MP: 2/9
  1893 | D:2      | Noticed Robin
  1928 | D:2      | Killed Robin
  2319 | D:3      | Reached XP level 5. HP: 24/24 MP: 8/11
  2589 | D:3      | Found a glowing drain.
  2600 | Sewer    | Entered a sewer
  2660 | Sewer    | Reached skill level 4 in Spellcasting
  3485 | D:4      | Noticed an ogre
  3490 | D:4      | Killed an ogre
  3491 | D:4      | Reached XP level 6. HP: 28/28 MP: 4/14
  3694 | D:4      | Found Turuywn's General Store.
  3699 | D:4      | Bought a scroll of enchant armour for 82 gold pieces
  3834 | D:4      | Reached skill level 5 in Spellcasting
  3913 | D:4      | Found a shadowy altar of Dithmenos.
  4011 | D:4      | Identified the +1 leather armour of Gallantry {rPois
                  | Slay+2}
  4095 | D:4      | Found a basalt altar of Yredelemnul.
  4099 | D:4      | Found a broken altar of Ashenzari.
  4105 | D:4      | Found a stormy altar of Qazlal.
  4216 | D:4      | Reached XP level 7. HP: 32/32 MP: 8/16
  4348 | D:5      | Entered Level 5 of the Dungeon
  4361 | D:5      | Reached skill level 5 in Conjurations
  4394 | D:5      | Found Vitonosch's Antique Weapon Boutique.
  4405 | D:5      | Reached skill level 6 in Spellcasting
  4513 | D:5      | Reached skill level 5 in Stealth
  4663 | D:5      | Found Yckoow's Antique Armour Emporium.
  4689 | D:5      | Found Zalaven's Assorted Antiques.
  4692 | D:5      | Bought a scroll labelled FIECIGH JIHOAN for 25 gold pieces
  4692 | D:5      | Bought a purple potion for 22 gold pieces
  4692 | D:5      | Bought a scroll labelled FIECIGH JIHOAN for 25 gold pieces
  4709 | D:5      | Found Edawaerphuh's Armour Boutique.
  5059 | D:6      | Reached skill level 7 in Spellcasting
  5059 | D:6      | Reached XP level 8. HP: 25/36 MP: 13/19
  5876 | D:7      | Found a transporter.
  6063 | D:7      | Found a transporter.
  6063 | D:7      | Noticed VictoriousLee's ghost (novice TeAE)
  6066 | D:7      | Identified the +11 dire flail of Brutal Revenge {vorpal,
                  | Str+4}
  6066 | D:7      | Noticed a two-headed ogre
  6090 | D:7      | Noticed Menkaure
  6095 | D:7      | Killed Menkaure
  6096 | D:7      | Reached skill level 5 in Dodging
  6096 | D:7      | Reached skill level 8 in Spellcasting
  6348 | D:7      | Found a blossoming altar of Fedhas.
  6671 | D:7      | Found a staircase to the Ecumenical Temple.
  6820 | Temple   | Entered the Ecumenical Temple
  6941 | Temple   | Became a worshipper of Sif Muna the Loreminder
  7189 | D:8      | Noticed an eight-headed hydra
  7194 | D:8      | Reached skill level 9 in Spellcasting
  7194 | D:8      | Reached XP level 9. HP: 39/39 MP: 15/23
  7678 | D:8      | Got the Guide on the Blaze
  7873 | D:8      | Killed an eight-headed hydra
  7874 | D:8      | Reached skill level 10 in Spellcasting
  8144 | D:8      | Found a hazy altar of Hepliaklqana.
  8213 | D:8      | Reached * piety under Sif Muna
  8309 | D:8      | Found Pafah's Magic Scroll Shop.
  8314 | D:8      | Bought a scroll of identify for 24 gold pieces
  8314 | D:8      | Bought a scroll of identify for 24 gold pieces
  8420 | D:8      | Found Pafah's Magic Scroll Shop.
  8453 | D:8      | Found a hazy altar of Hepliaklqana.
  9237 | D:9      | Noticed an elephant
  9562 | D:9      | Reached skill level 11 in Spellcasting
  9562 | D:9      | Reached XP level 10. HP: 44/44 MP: 14/26
  9736 | D:9      | Killed an elephant
  9964 | D:9      | Found a sparkling altar of Nemelex Xobeh.
  9995 | D:9      | Found a staircase to the Lair.
 10088 | D:9      | Reached ** piety under Sif Muna
 10347 | D:9      | Noticed Maggie
 10362 | D:9      | Killed Maggie
 10435 | D:9      | Noticed Grum
 10601 | D:9      | Reached skill level 12 in Spellcasting
 10691 | D:9      | Killed Grum
 10788 | D:9      | Identified the +4 ring mail "Edghook" {Str+4}
 10838 | D:9      | Found a transporter.
 10842 | D:9      | Found the +8 storm bow {elec, penet}
 10843 | D:9      | Noticed Golfball's ghost (novice TrMo)
 10850 | D:9      | Noticed a seven-headed hydra
 10877 | D:9      | Noticed a moth of wrath
 10893 | D:9      | Found a transporter.
 11188 | D:9      | Found a staircase to the Lair.
 11414 | D:9      | Found a transporter.
 11435 | D:9      | Found a transporter.
 12047 | D:9      | Found a transporter.
 12075 | D:9      | Found a transporter.
 12200 | D:9      | Found a staircase to the Lair.
 12507 | D:9      | Found a sparkling altar of Nemelex Xobeh.
 12607 | D:9      | Learned a level 3 spell: Dazzling Flash
 12612 | D:10     | Entered Level 10 of the Dungeon
 12818 | D:10     | Reached skill level 1 in Hexes
 12836 | D:10     | Reached XP level 11. HP: 24/47 MP: 5/28
 13097 | D:10     | Noticed a two-headed ogre
 13111 | D:10     | Killed a two-headed ogre
 13238 | D:10     | Noticed a rakshasa
 13240 | D:10     | Noticed a four-headed hydra
 13256 | D:10     | Killed a four-headed hydra
 13257 | D:10     | Reached skill level 13 in Spellcasting
 13271 | D:10     | Killed a rakshasa
 13272 | D:10     | Reached skill level 1 in Evocations
 13852 | D:10     | Reached *** piety under Sif Muna
 14674 | D:11     | Found a gate leading to a gauntlet.
 14683 | Gauntlet | Entered a Gauntlet
 14683 | Gauntlet | Found a transporter.
 14693 | Gauntlet | Found a transporter.
 14708 | Gauntlet | Found a transporter.
 14713 | Gauntlet | Found a transporter.
 14725 | Gauntlet | Noticed a sea snake
 14725 | Gauntlet | a water nymph changed into a sea snake
 14738 | Gauntlet | Found a transporter.
 14742 | Gauntlet | a sea snake changed into a faun
 14745 | Gauntlet | Noticed a balrug
 14747 | Gauntlet | Found a transporter.
 14759 | Gauntlet | Found a transporter.
 14761 | Gauntlet | Noticed a green death
 14771 | Gauntlet | Found a transporter.
 14777 | Gauntlet | Found a transporter.
 14777 | Gauntlet | Found a transporter.
 14784 | Gauntlet | Noticed a reaper
 14792 | Gauntlet | Found a transporter.
 14798 | Gauntlet | Found a transporter.
 14810 | Gauntlet | Noticed a green death
 14813 | Gauntlet | Found a transporter.
 14821 | Gauntlet | Found a transporter.
 14862 | Gauntlet | Found a transporter.
 14906 | Gauntlet | Found a transporter.
 14908 | Gauntlet | Found a transporter.
 14938 | Gauntlet | Noticed a shining eye
 14939 | Gauntlet | Noticed an ettin
 14942 | Gauntlet | Noticed a death yak
 14942 | Gauntlet | an ettin changed into a death yak
 14945 | Gauntlet | Noticed an emperor scorpion
 14945 | Gauntlet | a death yak changed into an emperor scorpion
 14955 | Gauntlet | Noticed a death yak
 14955 | Gauntlet | an emperor scorpion changed into a death yak
 14964 | Gauntlet | Noticed a spark wasp
 14964 | Gauntlet | a death yak changed into a spark wasp
 14967 | Gauntlet | Noticed an entropy weaver
 14967 | Gauntlet | a spark wasp changed into an entropy weaver
 15003 | Gauntlet | Noticed a sphinx
 15012 | Gauntlet | Noticed a fire giant
 15019 | Gauntlet | Noticed a quicksilver dragon
 15019 | Gauntlet | a fire giant changed into a quicksilver dragon
 15027 | Gauntlet | Noticed a stone giant
 15027 | Gauntlet | a quicksilver dragon changed into a stone giant
 15037 | Gauntlet | Noticed a fire crab
 15037 | Gauntlet | a komodo dragon changed into a fire crab
 15081 | Gauntlet | Found a transporter.
 15247 | Gauntlet | Mangled by an ice devil

Illustrated notes

Levels and vault maps discovered:
D:1:      noname_arrival_rooms_in_the_neighbourhood, layout_basic,
          ebering_ecumenical_altar_sacrificial, minmay_misc_feat_five
D:2:      layout_basic, uniq_robin
D:3:      wad_woods_pond, layout_basic, portal_sewer_entry_a
D:4:      layout_rooms, gammafunk_temple_overflow_forgotten,
          lemuel_crystal_altar, serial_shops, nicolae_stop_n_shop_2,
          mrwooster_statue_mirror
D:5:      layout_cave_pools, serial_shops, shop, shop, nicolae_lakefront_shop,
          kennysheep_mini
D:6:      layout_cave_pools, bh_walls_and_bars
D:7:      layout_basic, mainiacjoe_overflow_cross_hatched,
          minmay_temple_entry_statues_pillars, gammafunk_ghost_smash,
          uniq_menkaure
D:8:      layout_rooms, mainiacjoe_overflow_small_starburst, serial_shops,
          nicolae_shop_crystal, minmay_quadrilaterals
D:9:      layout_irregular_city, mainiacjoe_overflow_alcove_4,
          david_lair_generic, gammafunk_ghost_berserking_beasts,
          serial_bayou_lagoon_b, uniq_grum, uniq_maggie
D:10:     layout_gridville, moated_statue, minivault_5
D:11:     layout_rooms, gauntlet_entry_generic, kennysheep_opposing_triangles
Temple:   regret_index_temple_waves
Gauntlet: gammafunk_gauntlet_one_two_three [nicolae_gauntlet_arena_grate_2,
          gammafunk_gauntlet_arena_chambers, nicolae_gauntlet_arena_quarters,
          gammafunk_gauntlet_arena_split_x, nicolae_gauntlet_arena_blocks,
          gammafunk_gauntlet_arena_split_diamond, nicolae_gauntlet_swirl,
          nicolae_gauntlet_arena_t_cross, gammafunk_gauntlet_arena_spirals,
          gauntlet_exit_green]

Skill      XL: |  1  2  3  4  5  6  7  8  9 10 11 |
---------------+----------------------------------+-----
Conjurations   | 3 4 5 6 7 8 9 |  9.3
Dodging        | 3 4 5 6 7 8 |  8.1
Spellcasting   | 3 4 5 7 9 11 12 13 | 13.4
Stealth        | 4 5 6 7 9 |  9.6
Hexes          | 1 2 |  2.6
Evocations     | 2 |  2.0

Action                   |  1- 3 |  4- 6 |  7- 9 | 10-12 || total
-------------------------+-------+-------+-------+-------++-------
Melee: Unarmed           |       |    15 |       |       ||    15
 Cast: Magic Dart        |    64 |   125 |   138 |    65 ||   392
       Searing Ray       |     6 |    52 |   183 |   223 ||   464
       Dazzling Flash    |       |       |       |     2 ||     2
  Use: Scroll            |     2 |     5 |     4 |     4 ||    15
Armor: Robe              |       |     3 |     4 |       ||     7
       Steam dragon scal |       |       |     3 |    11 ||    14
Dodge: Dodged            |     9 |    20 |    41 |   114 ||   184
